AoeStats
← jbeacen2

Black Forest

510285985Analyzed
4v4 RM · 1d ago on Sep 30, 2026· 77m 14s· 8 players
Game mode
Random Map
Map size
Large (8 player)
Population
200
Speed
Normal
Resources
Standard
Victory
Conquest
Starting age
Dark Age
Ending age
Imperial Age
RankedLock teamsTeams togetherTeam positionsShared explorationLock speedFull tech treeHidden civsTurbo modeCheats
Victory
Defeat
🇮🇳 Bohemians · India
565
+13
🇪🇸 Chinese · Spain
562
+13
🇭🇰 Persians · Hong Kong SAR China
558
+13
🇮🇳 Japanese · India
466
+16
🇬🇧 Goths · United Kingdom
504
-14
🇫🇷 Romans · France
493
-14
🇮🇪 Inca · Ireland
489
-14
🇬🇧 Danes · United Kingdom
480
-13
LL KID CASH LL
0:28 Loom
16:33 Feudal Age
17:04 Double-Bit Axe
17:07 Town Watch
17:59 Wheelbarrow
17:07 Horse Collar
23:05 Gold Mining
23:08 Stone Mining
31:14 Castle Age
32:17 Caravan
33:06 Stone Shaft Mining
32:47 Fervor
33:02 Hand Cart
39:14 Fletching
43:25 Coinage
43:27 Town Patrol
43:17 Treadmill Crane
44:17 Ballistics
43:55 Murder Holes
44:28 Squires
43:53 Elite Skirmisher
46:33 Scale Mail Armor
47:16 Anarchy
46:48 Man-at-Arms
46:53 Pikeman
48:41 Forging
48:27 Bodkin Arrow
48:34 Padded Archer Armor
48:51 Chain Mail Armor
52:56 Imperial Age
53:07 Iron Casting
52:23 Long Swordsman
53:29 Leather Archer Armor
53:09 Heated Shot
53:31 Masonry
53:49 Sanctity
53:26 Herbal Medicine
53:33 Devotion
53:45 Perfusion
54:07 Conscription
54:14 Bow Saw
54:09 Heavy Plow
55:05 Banking
54:46 Guilds
56:58 Halberdier
57:00 Two-Handed Swordsman
57:16 Elite Huskarl
62:15 Blast Furnace
61:16 Bracer
61:48 Ring Archer Armor
62:55 Champion
64:59 Scale Barding Armor
66:00 Chemistry
65:32 Architecture
65:37 Crop Rotation
iFeeZ__Sigtryggr
11:34 Feudal Age
15:33 Double-Bit Axe
15:42 Gold Mining
15:37 Horse Collar
20:56 Scale Barding Armor
24:34 Castle Age
26:45 Bow Saw
28:20 Wheelbarrow
30:09 Stone Mining
29:56 Man-at-Arms
32:20 Chain Barding Armor
31:54 Fletching
32:15 Scale Mail Armor
32:42 Heavy Plow
40:04 Imperial Age
37:52 Hand Cart
40:53 Long Swordsman
42:20 Conscription
42:13 Ballistas
42:37 Comitatenses
42:04 Elite Centurion
45:00 Heavy Scorpion
46:28 Plate Barding Armor
46:04 Forging
46:13 Chain Mail Armor
46:06 Padded Archer Armor
46:27 Guilds
46:26 Caravan
47:29 Legionary
49:57 Gold Shaft Mining
Rooker
0:31 Loom
15:45 Feudal Age
17:19 Wheelbarrow
16:31 Town Watch
23:52 Castle Age
21:38 Horse Collar
21:47 Double-Bit Axe
23:57 Gold Mining
24:16 Stone Mining
25:04 Town Patrol
26:19 Caravan
29:01 Hand Cart
30:10 Heavy Plow
36:32 Bow Saw
39:19 Gold Shaft Mining
39:20 Stone Shaft Mining
38:49 Scale Mail Armor
39:00 Forging
39:52 Squires
39:38 Arson
39:17 Elite Skirmisher
39:37 Crossbowman
42:25 Padded Archer Armor
42:40 Chain Mail Armor
43:01 Iron Casting
42:17 Fletching
42:50 Andean Sling
43:39 Thumb Ring
43:52 Leather Archer Armor
49:15 Imperial Age
47:33 Bodkin Arrow
51:00 Blast Furnace
50:31 Plate Mail Armor
50:31 Ring Archer Armor
50:55 Conscription
57:40 Fabric Shields
64:39 Hoardings
63:25 Elite Kamayuk
S1rkumsiz3d
0:33 Loom
10:11 Feudal Age
10:43 Double-Bit Axe
15:32 Wheelbarrow
15:18 Horse Collar
18:39 Stone Mining
22:12 Castle Age
20:46 Gold Mining
21:11 Arson
21:20 Fletching
21:44 Forging
22:46 Crossbowman
24:21 Stone Shaft Mining
24:17 Bow Saw
27:03 Gold Shaft Mining
27:22 Hand Cart
31:55 Bodkin Arrow
32:37 Iron Casting
34:06 Thumb Ring
36:45 Imperial Age
34:49 Heavy Plow
34:36 Gambesons
34:53 Squires
35:23 Town Watch
36:08 Caravan
36:23 Hamask
38:05 Ballistics
37:34 Arrowslits
37:45 Murder Holes
38:51 Chemistry
37:54 Guard Tower
39:01 Bracer
40:02 Blast Furnace
39:14 Cranequins
41:25 Conscription
40:27 Elite Jomsviking
42:49 Elite Skirmisher
43:51 Onager
46:31 Siege Onager
48:08 Husbandry
48:19 Bloodlines
47:30 Light Cavalry
49:42 Northmen's Fury
54:52 Pikeman
baby
0:35 Loom
14:43 Feudal Age
20:59 Castle Age
19:03 Horse Collar
19:12 Double-Bit Axe
22:33 Heavy Plow
23:10 Bow Saw
25:29 Wheelbarrow
27:33 Hand Cart
29:26 Caravan
34:36 Imperial Age
33:07 Husbandry
33:18 Bloodlines
35:20 Town Watch
36:13 Conscription
35:57 Elite War Elephant
37:22 Gold Mining
37:22 Stone Mining
38:07 Crop Rotation
38:41 Two-Man Saw
37:52 Scale Barding Armor
37:58 Forging
38:24 Devotion
38:50 Ballistics
39:33 Chemistry
38:49 Town Patrol
40:23 Faith
40:47 Chain Barding Armor
41:04 Iron Casting
45:36 Blast Furnace
46:54 Plate Barding Armor
48:21 Fletching
48:33 Padded Archer Armor
58:02 Bodkin Arrow
73:19 Scale Mail Armor
73:33 Murder Holes
73:51 Masonry
76:00 Spies/Treason
KickAss
14:30 Feudal Age
21:54 Castle Age
21:15 Padded Archer Armor
21:07 Fletching
21:45 Arson
22:32 Scale Mail Armor
22:33 Double-Bit Axe
22:37 Pikeman
23:18 Squires
27:27 Bow Saw
27:23 Horse Collar
29:17 Gold Mining
29:17 Stone Mining
29:59 Leather Archer Armor
29:40 Bodkin Arrow
31:02 Heavy Plow
32:49 Gold Shaft Mining
32:55 Thumb Ring
33:17 Ballistics
38:41 Imperial Age
37:33 Chain Mail Armor
37:30 Forging
38:49 Wheelbarrow
38:53 Elite Samurai
41:45 Hand Cart
44:09 Iron Casting
44:05 Plate Mail Armor
44:03 Heavy Scorpion
47:47 Blast Furnace
60:03 Sanctity
59:45 Devotion
60:13 Illumination
60:06 Block Printing
59:46 Herbal Medicine
60:27 Theocracy
60:03 Redemption
60:04 Fervor
59:55 Atonement
69:15 Onager
71:39 Capped Ram
71:45 Capped Ram
betalbaadshah
1:01 Loom
13:58 Feudal Age
15:10 Double-Bit Axe
15:09 Horse Collar
16:12 Wheelbarrow
16:27 Town Watch
24:12 Castle Age
23:43 Arson
26:14 Husbandry
28:02 Bow Saw
28:51 Heavy Plow
29:08 Padded Archer Armor
28:59 Fletching
29:20 Forging
29:14 Scale Mail Armor
32:48 Wagenburg Tactics
32:24 Elite Skirmisher
33:08 Squires
32:28 Pikeman
32:30 Man-at-Arms
35:30 Hand Cart
35:18 Town Patrol
35:43 Caravan
42:21 Scale Barding Armor
42:32 Chain Mail Armor
42:52 Iron Casting
42:13 Bodkin Arrow
42:34 Leather Archer Armor
44:59 Imperial Age
47:29 Elite Hussite Wagon
48:30 Conscription
48:17 Hussite Reforms
50:58 Two-Man Saw
51:48 Capped Ram
51:51 Onager
61:18 Heavy Scorpion
67:23 Guilds
74:22 Cavalier
74:23 Light Cavalry
75:28 Chain Barding Armor
75:39 Ring Archer Armor
75:10 Bracer
76:11 Blast Furnace
75:41 Plate Mail Armor
77:06 Spies/Treason
77:16 Sappers
jbeacen2
0:43 Loom
18:54 Feudal Age
19:49 Horse Collar
19:58 Double-Bit Axe
20:06 Stone Mining
20:09 Gold Mining
22:50 Padded Archer Armor
22:42 Fletching
25:51 Castle Age
25:18 Arson
27:11 Heavy Plow
27:29 Bow Saw
29:25 Stone Shaft Mining
29:47 Ballistics
31:48 Leather Archer Armor
31:29 Bodkin Arrow
32:31 Gold Shaft Mining
33:06 Wheelbarrow
34:06 Hand Cart
40:11 Imperial Age
40:44 Elite Chu Ko Nu
41:49 Rocketry
42:39 Chemistry
42:31 Ring Archer Armor
42:02 Bracer
42:24 Capped Ram
43:35 Siege Ram
44:25 Pikeman
45:06 Squires
48:23 Sappers
49:01 Great Wall
Connection lost

Rejoining the realm…

Still unreachable

The connection could not be restored.

Session expired

The server has moved on; the page needs a fresh start.